[Event "December 5 Late 2023"]
[Site "https://www.chess.com"]
[Date "2023.12.05"]
[Round "5"]
[White "Skaric, Djuro"]
[Black "Bullen, Alex"]
[Result "1-0"]
[Board "129"]
[TimeControl "180+1"]
[WhiteFideId "934569"]
[BlackFideId "1801627"]
[WhiteElo "2409"]
[BlackElo "2208"]
[WhiteTeam "SRB"]
[BlackTeam "WLS"]
[WhiteClock "0:00:23"]
[BlackClock "0:00:00"]

1. g3 d5 2. Bg2 Nf6 3. d3 c6 4. Nf3 h6 5. O-O Bf5 6. h3 e6 7. Nc3 Be7 8. Nd4 Bh7 9. e4 Nbd7 10. Kh2 dxe4 11. dxe4 Nc5 12. Re1 e5 13. Nf5 Bxf5 14. exf5 Qc7 15. Qe2 Ncd7 16. Bf4 Bd6 17. Rad1 O-O-O 18. Be3 Kb8 19. Qc4 Nb6 20. Qb3 Qe7 21. a4 Bc5 22. Rxd8+ Rxd8 23. Bxc6 bxc6 24. a5 Bxe3 25. Rxe3 Kb7 26. axb6 axb6 27. Na4 Nd5 28. Re2 f6 29. c3 Ra8 30. Rd2 Ra5 31. c4 Qb4 32. Qxb4 Nxb4 33. Nc3 Ra1 34. Rd7+ Kc8 35. Rxg7 Nd3 36. Ne4 Rb1 37. Nxf6 Rxb2 38. g4 Nxf2 39. Kg3 Nd3 40. Re7 b5 41. h4 bxc4 42. Ne4 Rb3 43. Nd6+ Kd8 44. Rh7 c3 45. f6 c2 46. f7 Nc5+ 47. Kg2 Ne6 48. Rh8+ Ke7 49. Nf5+ 1-0

[Event "December 5 Late 2023"]
[Site "https://www.chess.com"]
[Date "2023.12.05"]
[Round "5"]
[White "Blanco Diez, David"]
[Black "Curtis, John"]
[Result "0-1"]
[Board "130"]
[TimeControl "180+1"]
[WhiteFideId "32032927"]
[BlackFideId "3200256"]
[WhiteElo "2407"]
[BlackElo "2208"]
[WhiteTeam "ESP"]
[BlackTeam "AUS"]
[WhiteClock "0:00:10"]
[BlackClock "0:00:47"]

1. e4 c6 2. Nc3 d5 3. d3 e5 4. g3 d4 5. Nce2 Bb4+ 6. Bd2 Bxd2+ 7. Qxd2 c5 8. h4 Nc6 9. Bh3 Bxh3 10. Nxh3 Nf6 11. f3 Qa5 12. Qxa5 Nxa5 13. Kd2 Nd7 14. f4 f6 15. c3 Ke7 16. cxd4 cxd4 17. Rhc1 Rhc8 18. Neg1 b5 19. Nf3 h5 20. fxe5 fxe5 21. Nhg5 b4 22. Rxc8 Rxc8 23. Rf1 b3 24. a3 Rc2+ 25. Kd1 Rxb2 26. Nd2 Ra2 27. Rf7+ Kd6 28. Rxg7 Ra1+ 29. Ke2 b2 30. Nf7+ Kc6 31. Rg6+ Kc7 32. Ra6 Nb3 33. Nxb3 Re1+ 34. Kxe1 b1=Q+ 35. Kf2 Qxb3 36. Rxa7+ Kb6 37. Rxd7 Qxd3 38. Nxe5 Qe3+ 39. Kg2 Qxe4+ 40. Nf3 Qe2+ 41. Kh3 Qxf3 42. Rxd4 Qh1# 0-1

[Event "December 5 Late 2023"]
[Site "https://www.chess.com"]
[Date "2023.12.05"]
[Round "5"]
[White "Bochnicka, Vladimir"]
[Black "Petersson, Kjell"]
[Result "1-0"]
[Board "131"]
[TimeControl "180+1"]
[WhiteFideId "14943450"]
[BlackFideId "1705148"]
[WhiteElo "2406"]
[BlackElo "2174"]
[WhiteTeam "SVK"]
[BlackTeam "SWE"]
[WhiteClock "0:02:31"]
[BlackClock "0:00:56"]

1. e4 c5 2. Nf3 d6 3. d4 cxd4 4. Nxd4 Nf6 5. Nc3 g6 6. Be2 Bg7 7. Bg5 Nc6 8. Nb3 O-O 9. O-O Be6 10. Kh1 Rc8 11. f4 Na5 12. e5 dxe5 13. Qxd8 Rfxd8 14. Nxa5 b6 15. fxe5 bxa5 16. exf6 exf6 17. Bxf6 Bxf6 18. Rxf6 Rd2 19. Bd3 Kg7 20. Rff1 a4 21. Ne4 1-0

[Event "December 5 Late 2023"]
[Site "https://www.chess.com"]
[Date "2023.12.05"]
[Round "5"]
[White "Vanek, Tomas"]
[Black "Balla, Tamas-Kristof"]
[Result "1-0"]
[Board "132"]
[TimeControl "180+1"]
[WhiteFideId "313459"]
[BlackFideId "1208497"]
[WhiteElo "2169"]
[BlackElo "2403"]
[WhiteTeam "CZE"]
[BlackTeam "ROU"]
[WhiteClock "0:00:04"]
[BlackClock "0:00:05"]

1. e4 c5 2. Nf3 Nc6 3. d4 cxd4 4. Nxd4 e5 5. Nb3 Nf6 6. N1d2 a5 7. a4 Be7 8. Bb5 O-O 9. O-O d6 10. Re1 Be6 11. c4 Rc8 12. Nb1 Nb4 13. Qe2 Qc7 14. Na3 Nd7 15. Bd2 Nc5 16. Nxa5 Qxa5 17. Nc2 Ncd3 18. Nxb4 Nxb4 19. Ra3 Qb6 20. Bxb4 Bxc4 21. Bxc4 Qxb4 22. Bd5 Rc7 23. Re3 Qxa4 24. Qg4 Bf6 25. Rf3 Kh8 26. Rxf6 gxf6 27. Qf5 Rg8 28. Qxf6+ Rg7 29. Qd8+ Rg8 30. Qf6+ Rg7 31. Qd8+ Rg8 32. Qxc7 Qb4 33. Rf1 Rg7 34. Qd8+ Rg8 35. Qf6+ Rg7 36. h4 h5 37. Qh6+ Kg8 38. Qxh5 Qc5 39. Qf5 Qd4 40. h5 Qd2 41. Qf6 Rh7 42. Qf5 Rg7 43. Qf6 Rh7 44. Qd8+ Kg7 45. Qh4 Rh6 46. Qg4+ Kf8 47. Bxb7 Rf6 48. Bd5 Rf4 49. Qg5 Qxb2 50. h6 Rh4 51. Qxh4 Qd2 52. h7 Ke8 53. h8=Q+ Kd7 1-0

[Event "December 5 Late 2023"]
[Site "https://www.chess.com"]
[Date "2023.12.05"]
[Round "5"]
[White "Joubert, Dantelle"]
[Black "Marchesich, Giovanni"]
[Result "0-1"]
[Board "133"]
[TimeControl "180+1"]
[WhiteFideId "14310813"]
[BlackFideId "2824790"]
[WhiteElo "2155"]
[BlackElo "2397"]
[WhiteTeam "RSA"]
[BlackTeam "ITA"]
[WhiteClock "0:00:00"]
[BlackClock "0:01:42"]

1. d4 Nf6 2. c4 c5 3. d5 b5 4. Qc2 b4 5. e4 d6 6. a3 a5 7. axb4 cxb4 8. c5 dxc5 9. Bg5 Nbd7 10. Bb5 Qb6 11. Bc6 Bb7 12. Bxf6 Bxc6 13. dxc6 Nxf6 14. Nf3 e6 15. O-O Be7 16. Ne5 O-O 17. Nd2 Rfd8 18. Ndc4 Qc7 19. f4 Bd6 20. Rad1 Bxe5 21. fxe5 Ng4 22. Nd6 Nxe5 23. Qxc5 f6 24. Nb7 Rxd1 25. Rxd1 Nxc6 0-1

[Event "December 5 Late 2023"]
[Site "https://www.chess.com"]
[Date "2023.12.05"]
[Round "5"]
[White "Estevez Polanco, Leonardo Rafael"]
[Black "Melikhov, Evgeny V."]
[Result "1-0"]
[Board "134"]
[TimeControl "180+1"]
[WhiteFideId "6402798"]
[BlackFideId "4122046"]
[WhiteElo "2149"]
[BlackElo "2387"]
[WhiteTeam "DOM"]
[BlackTeam "GRE"]
[WhiteClock "0:00:49"]
[BlackClock "0:00:00"]

1. e4 c5 2. Nf3 d6 3. d4 cxd4 4. c3 d3 5. Bxd3 Nc6 6. O-O Nf6 7. Qe2 e6 8. Rd1 Qc7 9. Nbd2 Be7 10. Bc2 O-O 11. Nc4 Ne5 12. Ncxe5 dxe5 13. Bg5 h6 14. Bh4 b6 15. Bg3 Bd6 16. Rd2 Bb7 17. Rad1 Rad8 18. h3 Nh5 19. Bh2 Nf4 20. Bxf4 exf4 21. Bb3 Bc5 22. Nd4 Bxd4 23. Rxd4 e5 24. R4d2 Rxd2 25. Rxd2 Rd8 26. Rxd8+ Qxd8 27. Qc4 Qe7 28. f3 g5 29. Qa4 a6 30. Qc4 Qc5+ 31. Qxc5 bxc5 32. Kf1 Kf8 33. Ke2 Ke7 34. Kd3 f6 35. Bg8 Kd6 36. b4 cxb4 37. cxb4 Bc8 38. Kc4 Bd7 39. Bd5 Bb5+ 40. Kc3 Bf1 41. Bc4 Bxg2 42. Bxa6 Bxf3 43. Bb7 h5 44. b5 g4 45. hxg4 Bxg4 46. a4 h4 47. a5 Kc7 48. Bd5 Be2 49. b6+ Kb8 50. Bc4 Bf3 51. Kd3 h3 52. a6 1-0

[Event "December 5 Late 2023"]
[Site "https://www.chess.com"]
[Date "2023.12.05"]
[Round "5"]
[White "Mickiewicz, Piotr"]
[Black "Novikova, Margarita"]
[Result "1-0"]
[Board "135"]
[TimeControl "180+1"]
[WhiteFideId "1114891"]
[BlackFideId "14109689"]
[WhiteElo "2386"]
[BlackElo "2127"]
[WhiteTeam "POL"]
[BlackTeam "GER"]
[WhiteClock "0:00:15"]
[BlackClock "0:00:00"]

1. d4 d5 2. c4 Nf6 3. Nc3 e6 4. Bg5 h6 5. Bh4 Be7 6. e3 c6 7. Nf3 a6 8. c5 Ne4 9. Bxe7 Qxe7 10. Nxe4 dxe4 11. Nd2 f5 12. Nc4 O-O 13. g3 Nd7 14. b4 e5 15. d5 cxd5 16. Qxd5+ Kh7 17. Rd1 Re8 18. Nd6 Nf6 19. Qf7 Be6 20. Qxe7 Rxe7 21. a4 g6 22. a5 g5 23. h4 Kg6 24. hxg5 hxg5 25. Bc4 Bxc4 26. Nxc4 f4 27. Rd6 Kf5 28. Rh6 Ng8 29. Rh8 Rae8 30. Kf1 fxg3 31. fxg3 Kg4 32. Kg2 Nf6 33. Rxe8 Nxe8 34. Rg6 Kf5 35. Rb6 Rd7 36. g4+ Kxg4 37. Nxe5+ Kh4 38. Nxd7 Nc7 39. Rxb7 Nd5 40. Kf2 Nc3 41. Ne5 g4 42. Rh7+ Kg5 43. c6 g3+ 44. Kxg3 Nd5 45. c7 Nxc7 46. Rxc7 Kf5 47. Nc4 Ke6 48. Rc5 Kf6 49. Nd2 1-0

[Event "December 5 Late 2023"]
[Site "https://www.chess.com"]
[Date "2023.12.05"]
[Round "5"]
[White "karpovian123"]
[Black "Jesusesmifuerza"]
[Result "1-0"]
[Board "136"]
[TimeControl "180+1"]
[WhiteElo "2377"]
[BlackElo "2122"]
[WhiteClock "0:00:48"]
[BlackClock "0:00:24"]

1. Nf3 d5 2. c4 c6 3. g3 Nf6 4. Bg2 e6 5. O-O Bd6 6. d4 O-O 7. Nfd2 b6 8. Nc3 Bb7 9. e4 dxe4 10. Ndxe4 Be7 11. Bf4 Nbd7 12. Nd6 Bxd6 13. Bxd6 Re8 14. Re1 Qc8 15. c5 Nd5 16. Nxd5 cxd5 17. b4 a5 18. a3 bxc5 19. bxc5 Ba6 20. f4 Bc4 21. Rc1 Qa6 22. Rc3 Nb8 23. f5 Nc6 24. Rce3 Qc8 25. fxe6 Rxe6 26. Rxe6 fxe6 27. Bh3 Nd8 28. Qa4 h6 29. Qe8+ Kh7 30. Rxe6 Nxe6 31. Bf5+ g6 32. Qxg6+ Kh8 33. Qh7# 1-0

[Event "December 5 Late 2023"]
[Site "https://www.chess.com"]
[Date "2023.12.05"]
[Round "5"]
[White "Su, Dion"]
[Black "Negron Lizarazo, Juan Sebastian"]
[Result "1-0"]
[Board "137"]
[TimeControl "180+1"]
[WhiteFideId "2029731"]
[BlackFideId "3936910"]
[WhiteElo "2376"]
[BlackElo "2098"]
[WhiteTeam "USA"]
[BlackTeam "COL"]
[WhiteClock "0:01:35"]
[BlackClock "0:01:09"]

1. e4 c5 2. Nf3 d6 3. d4 cxd4 4. Nxd4 Nf6 5. Nc3 a6 6. Be3 e5 7. Nb3 Be7 8. f3 Be6 9. Qd2 Nc6 10. O-O-O h5 11. Kb1 O-O 12. h3 h4 13. Nd5 Bxd5 14. exd5 Nb8 15. Rg1 Nbd7 16. g4 b5 17. f4 e4 18. Be2 Nb6 19. Bxb6 Qxb6 20. g5 Nd7 21. f5 Nc5 22. f6 Bd8 23. fxg7 Re8 24. g6 f5 25. Qh6 1-0

[Event "December 5 Late 2023"]
[Site "https://www.chess.com"]
[Date "2023.12.05"]
[Round "5"]
[White "Donchenko, Anatoly"]
[Black "Ghosh, Chanchal Kumer"]
[Result "1-0"]
[Board "138"]
[TimeControl "180+1"]
[WhiteFideId "4106091"]
[BlackFideId "10201858"]
[WhiteElo "2374"]
[BlackElo "2094"]
[WhiteTeam "GER"]
[BlackTeam "BAN"]
[WhiteClock "0:01:08"]
[BlackClock "0:00:00"]

1. Nf3 d5 2. d4 e6 3. c4 Nf6 4. g3 b6 5. Bg2 Bb7 6. cxd5 exd5 7. Nc3 h6 8. O-O a6 9. Ne5 Bd6 10. Bf4 O-O 11. Nd3 Re8 12. Bxd6 Qxd6 13. e3 Nbd7 14. Rc1 c5 15. dxc5 bxc5 16. Nf4 Nb6 17. a4 Rad8 18. a5 Nc4 19. Ncxd5 Nxd5 20. Nxd5 Nxb2 21. Qc2 Bxd5 22. Bxd5 Qxd5 23. Qxb2 c4 24. Qc3 Rc8 25. Rfd1 Qf3 26. Rd4 Re5 27. Rxc4 Rxc4 28. Qxc4 Rxa5 29. Qf4 Qxf4 30. gxf4 f5 31. Rc7 Kh7 32. Ra7 Kg6 33. Kg2 Kf6 34. h4 g5 35. fxg5+ hxg5 36. h5 f4 37. h6 Rc5 38. Rxa6+ Kf5 39. h7 Rc8 40. Rh6 Rh8 41. exf4 1-0

[Event "December 5 Late 2023"]
[Site "https://www.chess.com"]
[Date "2023.12.05"]
[Round "5"]
[White "Mangialardo, Tiago Carvalho"]
[Black "Shtivelband, Richard"]
[Result "1-0"]
[Board "139"]
[TimeControl "180+1"]
[WhiteFideId "2130718"]
[BlackFideId "2017342"]
[WhiteElo "2094"]
[BlackElo "2373"]
[WhiteTeam "BRA"]
[BlackTeam "USA"]
[WhiteClock "0:01:07"]
[BlackClock "0:01:42"]

1. e4 e5 2. Nf3 Nc6 3. Bb5 f5 4. d3 Nf6 5. Nc3 Bb4 6. O-O Bxc3 7. bxc3 d6 8. exf5 Bxf5 9. d4 e4 10. d5 a6 11. dxc6 axb5 12. cxb7 Rb8 13. Nd4 Bd7 14. Bg5 Rxb7 15. Bxf6 Qxf6 16. Qh5+ Qf7 17. Qh4 d5 18. f3 Qe7 19. Qh5+ Kd8 20. Qxd5 Kc8 21. fxe4 c5 22. Rf7 1-0

[Event "December 5 Late 2023"]
[Site "https://www.chess.com"]
[Date "2023.12.05"]
[Round "5"]
[White "Buenafe Moya, Javier"]
[Black "Oliveira, Tiago Batista"]
[Result "1-0"]
[Board "140"]
[TimeControl "180+1"]
[WhiteFideId "2206412"]
[BlackFideId "2108291"]
[WhiteElo "2368"]
[BlackElo "2092"]
[WhiteTeam "ESP"]
[BlackTeam "BRA"]
[WhiteClock "0:01:20"]
[BlackClock "0:00:00"]

1. c4 Nf6 2. Nc3 g6 3. g3 Bg7 4. Bg2 O-O 5. Nh3 d6 6. Nf4 c5 7. O-O Nc6 8. Rb1 Rb8 9. a3 Ne8 10. b4 Nc7 11. bxc5 Bxc3 12. dxc3 Bf5 13. cxd6 Qxd6 14. Qxd6 exd6 15. e4 Be6 16. Nd5 Bxd5 17. cxd5 Ne5 18. f4 Nd3 19. Be3 b6 20. Rfd1 Nc5 21. e5 Rfd8 22. exd6 N7a6 23. f5 Rxd6 24. Bf4 Rbd8 25. Bxd6 Rxd6 26. fxg6 hxg6 27. Rd4 Nc7 28. c4 N7e6 29. Rdd1 Ng5 30. h4 Nge4 31. Bxe4 Nxe4 32. Rb3 f5 33. Kg2 Kg7 34. a4 Nc5 35. Ra3 Kf6 36. a5 Ke5 37. axb6 axb6 38. Kf3 Ne4 39. Ra8 g5 40. Re8+ Kf6 41. hxg5+ Nxg5+ 42. Ke3 Nf7 43. Kd4 1-0

[Event "December 5 Late 2023"]
[Site "https://www.chess.com"]
[Date "2023.12.05"]
[Round "5"]
[White "Lutz, Igor Oscar"]
[Black "Sari, Yasin"]
[Result "0-1"]
[Board "141"]
[TimeControl "180+1"]
[WhiteFideId "2110806"]
[BlackFideId "6320902"]
[WhiteElo "2084"]
[BlackElo "2368"]
[WhiteTeam "BRA"]
[BlackTeam "TUR"]
[WhiteClock "0:00:04"]
[BlackClock "0:00:07"]

1. d4 d5 2. c4 c6 3. Nf3 Nf6 4. g3 dxc4 5. Bg2 g6 6. O-O Bg7 7. Ne5 Be6 8. a4 Nbd7 9. Nf3 O-O 10. Nbd2 c5 11. Qc2 Rc8 12. Ng5 cxd4 13. Nxe6 fxe6 14. Nxc4 Nb6 15. b3 Nfd5 16. Qe4 Nxc4 17. bxc4 Nc3 18. Qxe6+ Kh8 19. Bg5 Qd6 20. Qxd6 Nxe2+ 21. Kh1 exd6 22. Be7 Rfe8 23. Bxd6 Rxc4 24. Bxb7 Rd8 25. Ba6 Rc2 26. Bd3 Rd2 27. Bxe2 Rxe2 28. Bc5 a6 29. Rad1 d3 30. Be3 Bc3 31. Kg2 d2 32. Kf3 Re1 33. Bxd2 Rxd1 34. Rxd1 Rxd2 35. Re1 Bd4 36. Kg2 Rxf2+ 37. Kh3 Kg7 38. Re8 Rf6 39. Ra8 Rb6 40. Rd8 Bf6 41. a5 Bxd8 0-1

[Event "December 5 Late 2023"]
[Site "https://www.chess.com"]
[Date "2023.12.05"]
[Round "5"]
[White "Nery Junior, Jose Antonio"]
[Black "Sailer, Mike"]
[Result "1-0"]
[Board "142"]
[TimeControl "180+1"]
[WhiteFideId "2104822"]
[BlackFideId "2012901"]
[WhiteElo "2358"]
[BlackElo "2050"]
[WhiteTeam "BRA"]
[BlackTeam "USA"]
[WhiteClock "0:01:07"]
[BlackClock "0:00:00"]

1. e4 d5 2. exd5 Qxd5 3. Nc3 Qd6 4. Ne4 Qe6 5. Qe2 Nf6 6. Nxf6+ gxf6 7. Nf3 Nc6 8. d4 Rg8 9. Be3 Qd5 10. c3 Bg4 11. h3 Bxf3 12. gxf3 O-O-O 13. a3 e5 14. O-O-O Qa2 15. Qc4 Qxc4 16. Bxc4 exd4 17. Bxf7 Rg2 18. Be6+ Kb8 19. cxd4 Rd6 20. Bf5 Ne7 21. Bxh7 f5 22. Rhg1 Rh2 23. Rh1 Rxh1 24. Rxh1 Kc8 25. h4 Kd7 26. Rg1 Ke6 27. Bg8+ Kf6 28. Bg5+ 1-0

[Event "December 5 Late 2023"]
[Site "https://www.chess.com"]
[Date "2023.12.05"]
[Round "5"]
[White "Bongo Akanga Ndjila, Barthelemy"]
[Black "Micic, Aleksa"]
[Result "0-1"]
[Board "143"]
[TimeControl "180+1"]
[WhiteFideId "10609431"]
[BlackFideId "989940"]
[WhiteElo "2025"]
[BlackElo "2349"]
[WhiteTeam "GAB"]
[BlackTeam "SRB"]
[WhiteClock "0:00:05"]
[BlackClock "0:00:19"]

1. d4 Nf6 2. c4 c5 3. d5 b5 4. cxb5 a6 5. e3 g6 6. a4 Bg7 7. Nc3 O-O 8. Nf3 Bb7 9. e4 e6 10. Bc4 exd5 11. exd5 axb5 12. Bxb5 Re8+ 13. Be2 d6 14. O-O Na6 15. Bb5 Re7 16. Bg5 h6 17. Bh4 Nb4 18. Qd2 g5 19. Bg3 Nbxd5 20. Nxd5 Bxd5 21. Rad1 Re4 22. Rfe1 Rxe1+ 23. Nxe1 Bb3 24. Ra1 Ne4 25. Qd3 Nxg3 26. Qxb3 Ne4 27. Rd1 Qf6 28. Qe3 d5 29. f3 Nd6 30. Qxc5 Nxb5 31. axb5 Qxb2 32. Qxd5 Ra2 33. Qd8+ Bf8 34. Qd4 Qxd4+ 35. Rxd4 Bc5 0-1

[Event "December 5 Late 2023"]
[Site "https://www.chess.com"]
[Date "2023.12.05"]
[Round "5"]
[White "Kappeler, Kaspar"]
[Black "Dmitriev, Sergey"]
[Result "0-1"]
[Board "144"]
[TimeControl "180+1"]
[WhiteFideId "1309072"]
[BlackFideId "14101785"]
[WhiteElo "2325"]
[BlackElo "1954"]
[WhiteTeam "SUI"]
[BlackTeam "UKR"]
[WhiteClock "0:00:00"]
[BlackClock "0:00:05"]

1. c4 d6 2. Nf3 g6 3. d4 Bg7 4. Nc3 Nf6 5. e4 O-O 6. Be2 Nc6 7. d5 Nb8 8. O-O e5 9. Ne1 a5 10. Nd3 Nbd7 11. f3 b6 12. Be3 Ba6 13. b3 Nc5 14. Nf2 Nh5 15. Re1 f5 16. a3 f4 17. Bd2 Qh4 18. b4 axb4 19. axb4 Nd7 20. c5 bxc5 21. Bxa6 cxb4 22. Nb5 Nc5 23. Nxc7 Ra7 24. Ne6 Rfa8 25. Nxc5 dxc5 26. Qe2 Qd8 27. Qf1 Qb6 28. Bc4 Kh8 29. Rxa7 Qxa7 30. Ng4 Qa3 31. Qd3 Qb2 32. Bc1 Qa1 33. Rf1 Nf6 34. Bxf4 Nxg4 35. Rxa1 Rxa1+ 36. Qf1 Rxf1+ 37. Kxf1 exf4 38. fxg4 Be5 39. Ke2 Kg7 40. Kf3 Kf6 41. h4 h6 42. Bb3 g5 43. h5 Ke7 44. Ke2 Kd6 45. Kd3 Kc7 46. Kc4 Kb6 47. Ba4 Bd6 48. Bd7 Be5 49. Be6 Ka5 50. Bd7 Kb6 51. Be8 Bd6 52. Ba4 Be5 53. Bb3 Bd6 54. Ba2 Be5 55. d6 Bxd6 56. Kd5 Bc7 57. e5 Kb5 58. e6 Bd8 59. Kd6 Bf6 60. e7 Bxe7+ 61. Kxe7 c4 62. Kd6 b3 63. Bb1 Kb4 64. Kd5 c3 65. Kd4 b2 66. Kd3 Kb3 67. Bc2+ Ka2 68. Kxc3 b1=Q 69. Bxb1+ Kxb1 70. Kd4 Kc1 71. Ke5 Kd2 72. Kf6 Ke2 73. Kg6 Kf2 74. Kxh6 Kxg2 75. Kxg5 f3 76. h6 f2 77. h7 f1=Q 78. h8=Q Qb5+ 79. Kh4 Qe2 80. Qa8+ Kh2 81. Qb8+ Kh1 82. Qb7+ Kh2 83. Qc7+ Kh1 84. Qc6+ Kh2 85. Qd6+ Kh1 86. Qd5+ Kh2 87. Kg5 Qe7+ 88. Kh5 Qe8+ 89. Kg5 Qe7+ 90. Kf5 Qf8+ 91. Kg5 Qg7+ 0-1

[Event "December 5 Late 2023"]
[Site "https://www.chess.com"]
[Date "2023.12.05"]
[Round "5"]
[White "Cornelison, Paul"]
[Black "youngdinousaur"]
[Result "0-1"]
[Board "145"]
[TimeControl "180+1"]
[WhiteFideId "2004186"]
[WhiteElo "1896"]
[BlackElo "2324"]
[WhiteTeam "USA"]
[WhiteClock "0:00:11"]
[BlackClock "0:01:12"]

1. e4 c6 2. d4 d5 3. Nc3 dxe4 4. f3 e5 5. d5 cxd5 6. Bb5+ Nc6 7. Qxd5 Nf6 8. Qxe5+ Qe7 9. Bxc6+ bxc6 10. Qxe7+ Bxe7 11. fxe4 Bb4 12. e5 Nd5 13. Bd2 O-O 14. O-O-O Nxc3 15. Bxc3 Bxc3 16. bxc3 Re8 17. Nf3 Bg4 18. Rhe1 Re6 19. h3 Bxf3 20. gxf3 Rae8 21. f4 f6 22. Rd7 fxe5 23. fxe5 Rxe5 24. Rxe5 Rxe5 25. Rxa7 Re3 26. Kb2 Rxh3 27. Rc7 Rh6 28. a4 g5 29. a5 c5 30. Rxc5 Rg6 31. Kb3 g4 32. Rd5 g3 33. Rd1 g2 34. Rg1 h5 35. c4 h4 36. Kb4 h3 37. Kb5 h2 38. c5 hxg1=Q 39. a6 0-1

[Event "December 5 Late 2023"]
[Site "https://www.chess.com"]
[Date "2023.12.05"]
[Round "5"]
[White "Mazzilli, Piero"]
[Black "Vargas, Mauricio"]
[Result "1-0"]
[Board "146"]
[TimeControl "180+1"]
[WhiteFideId "807087"]
[BlackFideId "4404572"]
[WhiteElo "2323"]
[BlackElo "1830"]
[WhiteTeam "ITA"]
[BlackTeam "COL"]
[WhiteClock "0:01:29"]
[BlackClock "0:00:10"]

1. e4 d5 2. Nc3 dxe4 3. Nxe4 Nf6 4. Nxf6+ exf6 5. d4 Bd6 6. Be3 O-O 7. Qd2 Re8 8. O-O-O Bf5 9. h3 Bg6 10. Bc4 c6 11. Bb3 a5 12. a4 Bb4 13. c3 Bd6 14. Ne2 b5 15. Nf4 Nd7 16. Nxg6 hxg6 17. h4 b4 18. c4 c5 19. h5 cxd4 20. Bxd4 g5 21. h6 g6 22. h7+ Kh8 23. Qxg5 Qc7 24. Qxf6+ Nxf6 25. Bxf6# 1-0

[Event "December 5 Late 2023"]
[Site "https://www.chess.com"]
[Date "2023.12.05"]
[Round "5"]
[White "Burke, Paul"]
[Black "Rose, Felix"]
[Result "0-1"]
[Board "147"]
[TimeControl "180+1"]
[WhiteFideId "2605767"]
[BlackFideId "5105722"]
[WhiteElo "1810"]
[BlackElo "2312"]
[WhiteTeam "CAN"]
[BlackTeam "MEX"]
[WhiteClock "0:02:13"]
[BlackClock "0:02:21"]

1. e4 c5 2. Nf3 e6 3. d4 cxd4 4. c3 dxc3 5. Nxc3 Nc6 6. Bf4 a6 7. Bd3 Nge7 8. Qe2 Ng6 9. Bg3 Be7 10. Rd1 O-O 11. h4 Qa5 12. Bb1 Bb4 13. h5 Nge5 14. Nxe5 Nxe5 15. f4 Bxc3+ 16. bxc3 Qxc3+ 17. Kf1 Qxg3 0-1

[Event "December 5 Late 2023"]
[Site "https://www.chess.com"]
[Date "2023.12.05"]
[Round "5"]
[White "Titus, Andrew"]
[Black "Gumugama"]
[Result "1-0"]
[Board "148"]
[TimeControl "180+1"]
[WhiteFideId "2059770"]
[WhiteElo "2583"]
[BlackElo "2171"]
[WhiteTeam "USA"]
[WhiteClock "0:01:32"]
[BlackClock "0:01:01"]

1. e4 c5 2. Nf3 d6 3. d4 cxd4 4. Nxd4 Nf6 5. Nc3 a6 6. h3 e5 7. Nde2 h5 8. g3 Be7 9. Bg2 b5 10. O-O Bb7 11. Nd5 Nxd5 12. exd5 Nd7 13. a4 O-O 14. f4 Bf6 15. Nc3 exf4 16. Bxf4 Bxc3 17. bxc3 g6 18. axb5 axb5 19. Rxa8 Bxa8 20. Qd4 Ne5 21. Bxe5 dxe5 22. Qxe5 Re8 23. Qd4 Re2 24. Be4 Qe7 25. Bf3 Qe3+ 26. Qxe3 Rxe3 27. d6 Bxf3 28. d7 1-0

[Event "December 5 Late 2023"]
[Site "https://www.chess.com"]
[Date "2023.12.05"]
[Round "5"]
[White "Degtiarev, Evgeny"]
[Black "th3d4rkness"]
[Result "1-0"]
[Board "149"]
[TimeControl "180+1"]
[WhiteFideId "4149610"]
[WhiteElo "2339"]
[BlackElo "2148"]
[WhiteTeam "GER"]
[WhiteClock "0:00:12"]
[BlackClock "0:01:01"]

1. d4 Nf6 2. c4 g6 3. Nc3 d5 4. cxd5 Nxd5 5. e4 Nxc3 6. bxc3 Bg7 7. Bc4 c5 8. Ne2 O-O 9. O-O Nc6 10. Be3 Qc7 11. Rc1 Rd8 12. Bd3 b6 13. Qd2 Na5 14. h4 c4 15. Bb1 e5 16. h5 Nb7 17. f4 exf4 18. Bxf4 Qd7 19. Bg5 Re8 20. e5 Qg4 21. h6 Bh8 22. Qf4 Be6 23. Be4 Rab8 24. Qxg4 Bxg4 25. Nf4 Nd8 26. Nd5 Ne6 27. Nf6+ Bxf6 28. Bxf6 b5 29. Kh2 Rec8 30. Rf2 a5 31. Kg3 Bh5 32. Kh4 b4 33. g4 Bxg4 34. Kxg4 b3 35. a4 b2 36. Rb1 Rb3 37. Rbxb2 Rxc3 38. Bd5 Nxd4 39. Bg5 Rc7 40. Rb8+ 1-0

[Event "December 5 Late 2023"]
[Site "https://www.chess.com"]
[Date "2023.12.05"]
[Round "5"]
[White "Biliy, Vadim"]
[Black "Travadon, Loic"]
[Result "0-1"]
[Board "150"]
[TimeControl "180+1"]
[WhiteFideId "14114127"]
[BlackFideId "26092131"]
[WhiteElo "2303"]
[BlackElo "2142"]
[WhiteTeam "UKR"]
[BlackTeam "FRA"]
[WhiteClock "0:00:21"]
[BlackClock "0:00:06"]

1. d4 d5 2. Nf3 Nf6 3. e3 c5 4. c4 Nc6 5. Nc3 cxd4 6. Nxd4 Nxd4 7. Qxd4 e6 8. cxd5 Nxd5 9. Bb5+ Bd7 10. Bxd7+ Qxd7 11. Nxd5 Qxd5 12. Qxd5 exd5 13. Bd2 O-O-O 14. Rc1+ Kb8 15. Bc3 f6 16. Ke2 Bd6 17. g3 Be5 18. Rhd1 Rd7 19. Bd4 Bxd4 20. Rxd4 Rhd8 21. Rcd1 Kc7 22. f3 f5 23. h3 h5 24. Kf2 Kc6 25. Rh4 g6 26. g4 hxg4 27. hxg4 d4 28. Rxd4 Rxd4 29. exd4 Rxd4 30. Ke3 Rb4 31. Rh6 f4+ 32. Kd3 Rxb2 33. Rxg6+ Kd7 34. Rg7+ Ke6 35. a3 Kf6 36. Rh7 Kg6 37. Rd7 Rb3+ 38. Ke4 Rxa3 39. Kxf4 b5 40. Rd6+ Kg7 41. g5 b4 42. Kg4 b3 43. Rd7+ Kf8 44. Rb7 a5 45. g6 a4 46. f4 Ra1 47. Kg5 Rf1 48. g7+ Kg8 49. Kg6 Rg1+ 50. Kf6 Kh7 51. f5 Rg2 52. Rb4 Rxg7 53. Rh4+ Kg8 54. Rxa4 Rb7 55. Ra8+ Kh7 56. Ra1 b2 57. Rb1 Kg8 58. Kg6 Kf8 59. f6 Rb5 60. Rh1 b1=Q+ 61. Rxb1 Rxb1 0-1

[Event "December 5 Late 2023"]
[Site "https://www.chess.com"]
[Date "2023.12.05"]
[Round "5"]
[White "Calcada, Lucas Galvan"]
[Black "Korol, Dimitry"]
[Result "1-0"]
[Board "151"]
[TimeControl "180+1"]
[WhiteFideId "22746099"]
[BlackFideId "14108003"]
[WhiteElo "1980"]
[BlackElo "2287"]
[WhiteTeam "BRA"]
[BlackTeam "UKR"]
[WhiteClock "0:00:07"]
[BlackClock "0:00:00"]

1. e4 c5 2. Nf3 d6 3. d4 cxd4 4. Nxd4 Nf6 5. Nc3 g6 6. Be3 Bg7 7. f3 O-O 8. Qd2 Nc6 9. O-O-O d5 10. Nxc6 bxc6 11. exd5 Nxd5 12. Ne4 Rb8 13. Bd4 e5 14. Bc5 f5 15. Nc3 e4 16. Bc4 Be6 17. Bd4 Bxd4 18. Qxd4 Qg5+ 19. Kb1 Rfd8 20. h4 Qe7 21. fxe4 Nxc3+ 22. Qxc3 fxe4 23. Rhe1 Bd5 24. Bxd5+ cxd5 25. Qd4 Rb4 26. Qc3 Rb6 27. h5 gxh5 28. Ka1 Rbd6 29. Qg3+ Kh8 30. c3 1-0

[Event "December 5 Late 2023"]
[Site "https://www.chess.com"]
[Date "2023.12.05"]
[Round "5"]
[White "Vila Dupla, Aurelio"]
[Black "Chan, Yi Ren Daniel"]
[Result "0-1"]
[Board "152"]
[TimeControl "180+1"]
[WhiteFideId "2203383"]
[BlackFideId "5801583"]
[WhiteElo "2201"]
[BlackElo "2789"]
[WhiteTeam "ESP"]
[BlackTeam "SGP"]
[WhiteClock "0:00:00"]
[BlackClock "0:00:39"]

1. Nf3 Nf6 2. d4 d5 3. c4 c6 4. cxd5 cxd5 5. Nc3 Nc6 6. Bf4 a6 7. e3 e6 8. Bd3 Bd6 9. Bxd6 Qxd6 10. O-O O-O 11. a3 e5 12. dxe5 Nxe5 13. Nxe5 Qxe5 14. h3 Bd7 15. Ne2 Rac8 16. Nd4 Rfe8 17. Qd2 Qg5 18. Nf3 Qh5 19. Qd1 Bxh3 20. gxh3 Qxh3 21. Nh2 Re5 22. Qf3 Qh4 23. Kh1 Rh5 24. Qf4 Ng4 25. Kg1 Nxh2 26. Qxh4 Rxh4 27. Rac1 Rd8 28. Kg2 Ng4 29. Kg3 g5 30. Rh1 Rxh1 31. Rxh1 Nf6 32. Rc1 Rd7 33. Rc8+ Kg7 34. Kf3 h5 35. Bf5 Re7 36. Rd8 Rc7 37. Rd6 Rc6 38. Rd8 Rb6 39. b4 Rc6 40. Rb8 Rc7 41. Rd8 h4 0-1